 Dungeon Crawl Stone Soup version 0.22-a0-603-gfc1114d (webtiles) character file.

637 Wanace the Charmwright (level 7, -3/56 HPs)
             Began as a Gnoll Skald on July 7, 2018.
             Killed by nerve-wracking pain
             ... invoked by Grinder
              (5 damage)
             ... on level 5 of the Dungeon.
             The game lasted 00:19:23 (6108 turns).

Wanace the Charmwright (Gnoll Skald)                Turns: 6108, Time: 00:19:24

Health: -3/56      AC:  6    Str: 15      XL:     7   Next: 50%
Magic:  24/24      EV: 14    Int: 16      God:
Gold:   316        SH:  0    Dex: 12 (14) Spells: 12/17 levels left

rFire    . . .     SeeInvis .   a - +0 spear
rCold    . . .     Gourm    .   (no shield)
rNeg     . . .     Faith    .   s - +0 leather armour
rPois    .         Spirit   .   x - +0 helmet
rElec    .         Reflect  .   (no cloak)
rCorr    .         Harm     .   i - +0 pair of gloves
MR       .....                  c - +0 pair of boots
Stlth    ++........             (no amulet)
HPRegen  0.18/turn              g - ring of magical power
MPRegen  0.19/turn              (no ring)

@: singing
A: distributed training, fangs 1, strong nose
a: no special abilities


You were on level 5 of the Dungeon.
You were not hungry.

You visited 1 branch of the dungeon, and saw 5 of its levels.

You collected 316 gold pieces.

Inventory:

Hand Weapons
 a - a +0 spear (weapon)
 b - a +0 hunting sling
Missiles
 w - 17 sling bullets
Armour
 c - a +0 pair of boots (worn)
 i - a +0 pair of gloves (worn)
 s - a +0 leather armour (worn)
 x - a +0 helmet (worn)
Jewellery
 g - a ring of magical power (left hand)
Scrolls
 f - 4 scrolls of teleportation {unknown}
 j - 4 scrolls of remove curse {unknown}
 m - a scroll of noise {unknown}
 q - a scroll of immolation {unknown}
 v - 2 scrolls of enchant armour {unknown}
 A - a scroll of enchant weapon {unknown}
Potions
 e - a potion of experience {unknown}
 h - 2 potions of heal wounds
 k - a potion of ambrosia {unknown}
 n - 2 potions of mutation
 o - 2 potions of flight
 p - 2 potions of curing
 r - a potion of lignification {unknown}
 t - a potion of degeneration {unknown}
 u - 2 potions of magic
 z - 2 potions of agility
 B - a potion of brilliance {unknown}
Comestibles
 d - 3 rations


   Skills:
 + Level 5.2 Fighting
 + Level 2.5 Short Blades
 + Level 2.5 Long Blades
 + Level 2.5 Axes
 + Level 2.5 Maces & Flails
 + Level 5.2 Polearms
 + Level 2.5 Staves
 + Level 2.5 Slings
 + Level 2.5 Bows
 + Level 2.5 Crossbows
 + Level 2.5 Throwing
 + Level 3.6 Armour
 + Level 5.2 Dodging
 + Level 2.5 Stealth
 + Level 2.5 Shields
 + Level 2.5 Unarmed Combat
 + Level 5.6 Spellcasting
 + Level 2.0 Conjurations
 + Level 2.0 Hexes
 + Level 5.8 Charms
 + Level 2.0 Summonings
 + Level 2.0 Necromancy
 + Level 2.0 Translocations
 + Level 2.0 Transmutations
 + Level 2.0 Fire Magic
 + Level 2.0 Ice Magic
 + Level 2.0 Air Magic
 + Level 2.0 Earth Magic
 + Level 2.0 Poison Magic
 + Level 2.7 Invocations
 + Level 2.5 Evocations


You had 12 spell levels left.
You knew the following spells:

 Your Spells              Type           Power        Failure   Level  Hunger
a - Infusion              Chrm           ###.         1%          1    None
b - Song of Slaying       Chrm           ###.....     2%          2    #......
c - Shroud of Golubria    Chrm/Tloc      ###.......   5%          2    #......

Your spell library contained the following spells:

 Spells                   Type           Power        Failure   Level  Hunger
 Regeneration             Chrm/Necr      ###.......   11%         3    ##.....
 Spectral Weapon          Hex/Chrm       ###.....     11%         3    ##.....


Dungeon Overview and Level Annotations

Branches:
Dungeon (5/15)
 Temple: D:4-7

Altars:
Elyvilon
Kikubaaqudgha
Nemelex Xobeh
Okawaru
Ru
Trog

Annotations:
D:5 Grinder


Innate Abilities, Weirdness & Mutations

Your experience applies equally to all skills.
You have very sharp teeth.
Your uncanny sense of smell can sniff out nearby items.


Message History

Grinder gestures at you. Pain shoots through your body!
You can move again.
You hit Grinder.
Grinder is moderately wounded.
Grinder hits you!
* * * LOW HITPOINT WARNING * * *
You writhe in agony.
* * * LOW HITPOINT WARNING * * *
You hit Grinder.
Grinder is moderately wounded.
You hit Grinder but do no damage. You bite Grinder, but do no damage.
Grinder is moderately wounded.
Grinder hits you.
* * * LOW HITPOINT WARNING * * *
You barely miss Grinder.
Grinder is moderately wounded.
Grinder gestures at you. Pain shoots through your body!
You die...

#...............##
#.###...........#
#.#.......##....#
#.#....##.......#
#.#....##........
#.#....##.....#..
#.#....##.....#.#
#.#....##.....#
#@#######.....#
#5# ####### #.#
#.# #.# #.. ### ∆


You could see Grinder.

Vanquished Creatures
  3 jellies
  A quasit (D:5)
  2 hounds
  An orc priest (D:3)
  A centaur skeleton (D:4)
  Jessica (D:3)
  Natasha (twice) (D:4)
  3 worker ants
  Robin (D:3)
  A howler monkey skeleton (D:4)
  8 adders
  An ooze (D:1)
  3 worms (D:3)
  3 dart slugs
  2 leopard geckos
  5 orcs
  A ball python (D:2)
  4 giant cockroaches
  18 goblins
  13 hobgoblins
  8 jackals
  A quokka (D:3)
  12 bats
  7 frilled lizards
  9 kobolds
  A rat (D:1)
112 creatures vanquished.

Notes
Turn   | Place    | Note
-------+----------+-------------------------------------------
     0 | D:1      | Wanace the Gnoll Skald began the quest for the Orb.
     0 | D:1      | Reached XP level 1. HP: 20/20 MP: 6/6
    76 | D:1      | Reached XP level 2. HP: 17/26 MP: 7/7
   566 | D:1      | Reached XP level 3. HP: 24/31 MP: 9/9
   723 | D:1      | Reached skill level 5 in Spellcasting
  1033 | D:1      | Reached skill level 1 in Invocations
  1399 | D:2      | Reached skill level 1 in Short Blades
  1399 | D:2      | Reached skill level 1 in Long Blades
  1399 | D:2      | Reached skill level 1 in Axes
  1399 | D:2      | Reached skill level 1 in Maces & Flails
  1399 | D:2      | Reached skill level 1 in Staves
  1399 | D:2      | Reached skill level 1 in Slings
  1399 | D:2      | Reached skill level 1 in Bows
  1399 | D:2      | Reached skill level 1 in Crossbows
  1399 | D:2      | Reached skill level 1 in Throwing
  1399 | D:2      | Reached skill level 1 in Stealth
  1399 | D:2      | Reached skill level 1 in Shields
  1399 | D:2      | Reached skill level 1 in Unarmed Combat
  1399 | D:2      | Reached skill level 1 in Evocations
  1432 | D:2      | Reached XP level 4. HP: 33/38 MP: 9/11
  2196 | D:2      | Reached skill level 1 in Conjurations
  2196 | D:2      | Reached skill level 1 in Hexes
  2196 | D:2      | Reached skill level 1 in Summonings
  2196 | D:2      | Reached skill level 1 in Necromancy
  2196 | D:2      | Reached skill level 1 in Translocations
  2196 | D:2      | Reached skill level 1 in Transmutations
  2196 | D:2      | Reached skill level 1 in Fire Magic
  2196 | D:2      | Reached skill level 1 in Ice Magic
  2196 | D:2      | Reached skill level 1 in Air Magic
  2196 | D:2      | Reached skill level 1 in Earth Magic
  2196 | D:2      | Reached skill level 1 in Poison Magic
  2801 | D:3      | Noticed Jessica
  2809 | D:3      | Killed Jessica
  2809 | D:3      | Reached XP level 5. HP: 38/43 MP: 8/12
  2898 | D:3      | Noticed Robin
  3098 | D:3      | Killed Robin
  3733 | D:3      | Reached XP level 6. HP: 45/50 MP: 5/13
  3794 | D:3      | Found a sparkling altar of Nemelex Xobeh.
  4550 | D:3      | Reached skill level 5 in Fighting
  4550 | D:3      | Reached skill level 5 in Polearms
  4550 | D:3      | Reached skill level 5 in Dodging
  4722 | D:4      | Found an ancient bone altar of Kikubaaqudgha.
  4759 | D:4      | Found a white marble altar of Elyvilon.
  4778 | D:4      | Found a bloodstained altar of Trog.
  4778 | D:4      | Found a sacrificial altar of Ru.
  4784 | D:4      | Noticed Natasha
  4790 | D:4      | Killed Natasha
  4908 | D:4      | Reached XP level 7. HP: 19/56 MP: 15/15
  5257 | D:4      | Found an iron altar of Okawaru.
  5258 | D:4      | Noticed Natasha
  5283 | D:4      | Killed Natasha
  5764 | D:5      | Entered Level 5 of the Dungeon
  5941 | D:5      | Learned a level 2 spell: Song of Slaying
  5944 | D:5      | Learned a level 2 spell: Shroud of Golubria
  6085 | D:5      | Noticed Grinder
  6087 | D:5      | Paralysed by Grinder for 2 turns
  6099 | D:5      | Paralysed by Grinder for 5 turns
  6107 | D:5      | HP: 1/56 [Grinder (4)]
  6108 | D:5      | Killed from afar by Grinder

Vault maps used:
D:1:      co_arrival_random_square_maze, st_stairs_1
D:2:      serial_bayou_ford_a, kennysheep_cross_room
D:3:      nemelex_xobeh_ov_fountains_minmay, hangedman_decor_diamond_cutter,
          uniq_robin, uniq_jessica
D:4:      old_standard_altar, nicolae_overflow_quartered_altars,
          minmay_door_square, uniq_natasha
D:5:      makhleb_heckhound_becter, lemuel_temple_firewalk_b, first_ration,
          uniq_grinder

Skill      XL: |  1  2  3  4  5  6  7 |
---------------+----------------------+-----
Spellcasting   | 5 |  5.6
Invocations    | 1 2 |  2.7
Short Blades   | 1 2 |  2.5
Long Blades    | 1 2 |  2.5
Axes           | 1 2 |  2.5
Maces & Flails | 1 2 |  2.5
Staves         | 1 2 |  2.5
Slings         | 1 2 |  2.5
Bows           | 1 2 |  2.5
Crossbows      | 1 2 |  2.5
Throwing       | 1 2 |  2.5
Stealth        | 1 2 |  2.5
Shields        | 1 2 |  2.5
Unarmed Combat | 1 2 |  2.5
Evocations     | 1 2 |  2.5
Conjurations   | 1 2 |  2.0
Hexes          | 1 2 |  2.0
Summonings     | 1 2 |  2.0
Necromancy     | 1 2 |  2.0
Translocations | 1 2 |  2.0
Transmutations | 1 2 |  2.0
Fire Magic     | 1 2 |  2.0
Ice Magic      | 1 2 |  2.0
Air Magic      | 1 2 |  2.0
Earth Magic    | 1 2 |  2.0
Poison Magic   | 1 2 |  2.0
Armour         | 3 |  3.6
Fighting       | 5 |  5.2
Polearms       | 5 |  5.2
Dodging        | 5 |  5.2
Charms         | |  5.8

Action                   |  1- 3 |  4- 6 |  7- 9 || total
-------------------------+-------+-------+-------++-------
Melee: Spear             |   116 |   209 |   104 ||   429
       Bite              |     9 |    19 |    18 ||    46
       Punch             |     1 |       |     1 ||     2
 Fire: Hunting sling     |       |    48 |     2 ||    50
 Cast: Infusion          |     2 |     9 |     3 ||    14
       Song of Slaying   |       |       |     2 ||     2
  Use: Scroll            |       |       |     6 ||     6
 Stab: Sleeping          |     3 |     1 |       ||     4
  Eat: Chunk             |     1 |     6 |       ||     7
       Ration            |       |     2 |     1 ||     3
Armor: Leather armour    |    28 |    32 |    52 ||   112
Dodge: Dodged            |    88 |   122 |   108 ||   318

Table legend:
 A = Spawn XP
 B = Non-spawn XP
 C = Spawn XP percentage of total XP
 D = Spawn monster count
 E = Non-spawn monster count
 F = Spawn count percentage of total count
 G = Total turns spent on level
                    A         B        C        D         E        F      G
               +---------+---------+-------+---------+---------+-------+---------
         Total |       0 |     910 |   0.0 |       0 |     112 |   0.0 |  6108
               +---------+---------+-------+---------+---------+-------+---------
           D:1 |       0 |      67 |   0.0 |       0 |      33 |   0.0 |  1389
           D:2 |       0 |      90 |   0.0 |       0 |      20 |   0.0 |  1576
           D:3 |       0 |     342 |   0.0 |       0 |      42 |   0.0 |  1741
           D:4 |       0 |     262 |   0.0 |       0 |      10 |   0.0 |  1058
           D:5 |       0 |     149 |   0.0 |       0 |       7 |   0.0 |   344
               +---------+---------+-------+---------+---------+-------+---------
